 Dungeon Crawl Stone Soup version 0.27-a0-1200-g94dc6ad4cf (webtiles) character file.

Game seed: 13224447674412025015

38 rjrrt the Chopper (level 3, -1/31 HPs)
             Began as a Minotaur Berserker on June 2, 2021.
             Was a Follower of Trog.
             Slain by a water moccasin (6 damage)
             ... on level 3 of the Dungeon.
             The game lasted 00:01:38 (1598 turns).

rjrrt the Chopper (Minotaur Berserker)              Turns: 1598, Time: 00:01:39

Health: -1/31      AC:  8    Str: 22    XL:     3   Next: 25%
Magic:  2/2        EV: 10    Int:  4    God:    Trog [*.....]
Gold:   120        SH:  0    Dex:  9    Spells: 2/2 levels left

rFire    . . .     SeeInvis .   a - +0 hand axe
rCold    . . .     Faith    .   (no shield)
rNeg     . . .     Spirit   .   j - +0 scale mail
rPois    .         Reflect  .   (helmet restricted)
rElec    .         Harm     .   (no cloak)
rCorr    .         Rampage  .   g - +1 pair of gloves
Will     .....                  (no boots)
Stlth    ..........             (no amulet)
HPRegen  0.10/turn              (no ring)
MPRegen  0.08/turn              (no ring)

@: lethally poisoned (-1 -> -16), invisible
A: horns 2, retaliatory headbutt
a: Renounce Religion, Berserk


You were on level 3 of the Dungeon.
You worshipped Trog.
Trog was aware of your devotion.
You visited 1 branch of the dungeon, and saw 3 of its levels.

You collected 120 gold pieces.

Inventory:

Hand Weapons
 a - a +0 hand axe (weapon)
Missiles
 l - 11 poisoned darts (quivered)
Armour
 g - a +1 pair of gloves (worn)
 j - a +0 scale mail (worn)
Wands
 o - a wand of iceblast (3)
Scrolls
 c - a scroll of teleportation {unknown}
 d - a scroll of torment {unknown}
 h - a scroll of amnesia {unknown}
 i - 3 scrolls of identify {unknown}
 m - a scroll of enchant armour {unknown}
Potions
 e - a potion of might {unknown}
 f - a potion of attraction {unknown}
 k - a potion of curing {unknown}
 n - a potion of heal wounds {unknown}


   Skills:
 - Level 3.6 Fighting
 + Level 5.3 Axes
 - Level 2.4 Armour
 - Level 2.1 Dodging


You had 2 spell levels left.
You didn't know any spells.
Your spell library was empty.

Dungeon Overview and Level Annotations

Branches:
Dungeon (3/15)

Altars:


Innate Abilities, Weirdness & Mutations

You have a pair of horns on your head.
You reflexively headbutt those who attack you in melee.


Message History

You climb downwards.
There is a stone staircase leading up here.
Found a club.
Found a stone staircase leading up.
A water moccasin comes into view.
The water moccasin hisses angrily.
The water moccasin moves out of view.
Found a silvery potion.
A water moccasin is nearby!
A water moccasin is nearby!
The water moccasin bites you.
You are poisoned.
The water moccasin poisons you!
You slash the water moccasin!
The water moccasin is moderately wounded.
You feel very sick.
The water moccasin bites you but does no damage. x2
You hit the water moccasin.
The water moccasin is moderately wounded.
You feel very sick. The water moccasin bites you.
You miss the water moccasin.
Your headbutt misses the water moccasin.
The water moccasin is moderately wounded.
You feel sick. The water moccasin closely misses you.
The water moccasin bites you.
* * * LOW HITPOINT WARNING * * *
You are more poisoned.
The water moccasin poisons you!
Unknown command.
Okay, then.
Unknown command.
Okay, then.
Unknown command.
It was a potion of invisibility.
You fade into invisibility!
* * * LOW HITPOINT WARNING * * *
You feel very sick. The water moccasin bites you.
You die...

####.#.. #......#
#.# #......# #.#
#......# #.#
#......# #.#.#
#......###.#.#.#####
#.....S....#.#.....
#.....@#####.#..#
..!...?..........#
##......#####..###
######.#####...#
#.....<#.#.#####
#...............
#.######.##.####
#.#.............
#.#.##..........


You could see a water moccasin.

Vanquished Creatures
  2 adders (D:2)
  5 endoplasms
  2 giant cockroaches
  2 goblins (D:2)
  A hobgoblin (D:2)
  2 ball pythons
  2 frilled lizards
  2 kobolds
  2 rats (D:2)
20 creatures vanquished.

Notes
Turn   | Place    | Note
-------+----------+-------------------------------------------
     0 | D:1      | rjrrt the Minotaur Berserker began the quest for the Orb.
     0 | D:1      | Reached XP level 1. HP: 19/19 MP: 0/0
   332 | D:1      | Reached skill level 4 in Axes
   867 | D:2      | Reached XP level 2. HP: 26/26 MP: 1/1
  1007 | D:2      | Found a faded altar of an unknown god.
  1074 | D:2      | Reached skill level 5 in Axes
  1132 | D:2      | Reached XP level 3. HP: 26/31 MP: 2/2
  1592 | D:3      | Noticed a water moccasin
  1598 | D:3      | Slain by a water moccasin

Illustrated notes

Levels and vault maps discovered:
D:1:      sevenhm_arrival_forest_fort_large_2, layout_loops_cross
D:2:      layout_basic, hellmonk_ecumenical_altar_pennies_from_heaven,
          minmay_pentomino_pile
D:3:      layout_basic

Skill      XL: |  1  2 |
---------------+-------+-----
Axes           | 4 5 |  5.3
Fighting       | |  3.6
Armour         | |  2.4
Dodging        | |  2.1

Action                   || total
-------------------------++-------
Melee: Hand axe          ||    38
       Headbutt          ||     5
  Use: Potion            ||     1
 Stab: Sleeping          ||     1
Armor: Scale mail        ||     8
       Animal skin       ||     2
Dodge: Dodged            ||    28

Table legend: (Time is in decaauts)
 A = Elapsed time spent in this place.
 B = Non-inter-level travel time spent in this place.
 C = Inter-level travel time spent in this place.
 D = Time resting spent in this place.
 E = Time spent auto-exploring this place.
 F = Levels seen in this place.
 G = Mean time per level.
                   A        B        C        D        E       F      G
               +--------+--------+--------+--------+--------+-----+--------+
         Total |   1601 |   1549 |     52 |      0 |   1406 |   3 |  533.7 |
       Dungeon |   1601 |   1549 |     52 |      0 |   1406 |   3 |  533.7 |
               +--------+--------+--------+--------+--------+-----+--------+

Top non-repeatable levels by time:
     D:1: 823 daAuts
     D:2: 759 daAuts
     D:3: 18 daAuts
